 Dungeon Crawl Stone Soup version 0.28-a0-661-g144af121cd (webtiles) character file.

Game seed: 12070285854326608960

3 BlueGoblin the Sneak (level 1, 0/10 HPs)
             Began as a Spriggan Brigand on Oct 14, 2021.
             Slain by a jackal (1 damage)
             ... on level 1 of the Dungeon.
             The game lasted 00:00:49 (143 turns).

BlueGoblin the Sneak (Spriggan Brigand)              Turns: 143, Time: 00:00:50

Health: 0/10       AC:  3    Str:  7    XL:     1   Next: 41%
Magic:  2/2        EV: 16    Int: 12    God:
Gold:   8          SH:  0    Dex: 16    Spells: 0/0 levels left

rFire   . . .      SeeInvis +   a - +2 dagger
rCold   . . .      Faith    .   (shield restricted)
rNeg    . . .      Spirit   .   b - +0 robe
rPois   .          Reflect  .   (helmet restricted)
rElec   .          Harm     .   c - +0 cloak
rCorr   .          Rampage  .   (gloves unavailable)
Will    .....                   (boots unavailable)
Stlth   +++.......              (no amulet)
HPRegen 0.03/turn               (no ring)
MPRegen 0.08/turn               (no ring)

@: very quick
A: very small, no large weapons, unfitting armour, see invisible, speed 3
a: no special abilities


You were on level 1 of the Dungeon.
You visited 1 branch of the dungeon, and saw 2 of its levels.

You collected 8 gold pieces.

Inventory:

Hand Weapons
 a - a +2 dagger (weapon)
Missiles
 d - 8 poisoned darts (quivered)
 e - 2 curare-tipped darts
Armour
 b - a +0 robe (worn)
 c - a +0 cloak (worn)
Scrolls
 f - a scroll of teleportation {unknown}


   Skills:
 + Level 1.5 Fighting
 + Level 2.3 Short Blades
 + Level 2.0 Throwing
 + Level 1.3 Dodging
 + Level 6.0 Stealth


You couldn't memorise any spells.
You didn't know any spells.
Your spell library was empty.

Dungeon Overview and Level Annotations

Branches:
Dungeon (2/15)

Altars:


Innate Abilities, Weirdness & Mutations

You are very small and have problems with some larger weapons.
You are too small for most types of armour.
You have supernaturally acute eyesight. (SInv)
You cover ground extremely quickly. (Speed+++)


Message History

The kobold shouts!
The endoplasm quivers.
The goblin hits you with a +0 dagger. The kobold hits you but does no damage.
The goblin hits you but does no damage.
You hit the endoplasm.
The endoplasm is lightly wounded.
The endoplasm freezes you.
You are frozen.
The jackal bites you. The goblin closely misses you.
Found a large pearl ring.
The endoplasm freezes you.
You are frozen.
* * * LOW HITPOINT WARNING * * *
Found 14 gold pieces.
A frilled lizard comes into view.
A ball python comes into view.
Found a stone staircase leading down.
The frilled lizard hisses angrily.
A kobold comes into view. It is wielding a +0 short sword.
There is a stone staircase leading down here.
The kobold shouts!
The ball python hisses angrily.
You climb downwards.
The endoplasm quivers.
Found 12 gold pieces.
There is a stone staircase leading up here.
The helpless hobgoblin fails to defend itself.
You impale the hobgoblin!!
You kill the hobgoblin!
The quokka closely misses you.
Found a scroll labelled KAGOADOTEPN.
You see here 12 gold pieces.
The quokka bites you.
* * * LOW HITPOINT WARNING * * *
You are too injured to fight recklessly!
There is a stone staircase leading up here.
You climb upwards.
The jackal misses you.
The frilled lizard completely misses you.
The ball python closely misses you. The ball python barely misses you.
The jackal bites you.
You die...

#.....#.#.#####......
#....$#...# #......
##..##..##.# #......
.##........#K# #.#...#.#
.............# #.#......
#...........# #.....#.#
#........#............
##........######.......
#....h@....K...........
......S.l...#########..>
..#........#........#...
##..##..####..........
..#. ...# #..........
...#. ...# #........##
### # ...# #........#
### #........#
###########........#


You could see a jackal, a ball python, 2 kobolds and a frilled lizard.

Vanquished Creatures
  A goblin (D:1)
  A hobgoblin (D:2)
  A ball python (D:1)
3 creatures vanquished.

Notes
Turn   | Place    | Note
-------+----------+-------------------------------------------
     0 | D:1      | BlueGoblin the Spriggan Brigand began the quest for the
                  | Orb.
     0 | D:1      | Reached XP level 1. HP: 10/10 MP: 2/2
    23 | D:1      | Reached skill level 6 in Stealth
   143 | D:1      | Slain by a jackal

Illustrated notes

Levels and vault maps discovered:
D:1:      lightli_arrival_flooded_house, layout_basic, serial_glass,
          glass_columns_c, glass_columns_a, glass_columns_b, glass_columns_c,
          glass_columns_a, glass_columns_c, glass_columns_a, glass_columns_b,
          shapermc_ecumenical_altar_venn, st_stairs_5, minmay_pentomino_s4
D:2:      minmay_evil_eye, layout_loops_ring, minmay_misc_feat_nine_boxes,
          uniq_terence

Skill      XL: |  1 |
---------------+----+-----
Stealth        | 6 |  6.0
Fighting       | |  1.5
Short Blades   | |  2.3
Throwing       | |  2.0
Dodging        | |  1.3

Action                   || total
-------------------------++-------
Melee: Dagger            ||     7
 Stab: Sleeping          ||     1
Armor: Robe              ||     3
Dodge: Dodged            ||    17

Table legend: (Time is in decaauts)
 A = Elapsed time spent in this place.
 B = Non-inter-level travel time spent in this place.
 C = Inter-level travel time spent in this place.
 D = Time resting spent in this place.
 E = Time spent auto-exploring this place.
 F = Levels seen in this place.
 G = Mean time per level.
                   A        B        C        D        E       F      G
               +--------+--------+--------+--------+--------+-----+--------+
         Total |     91 |     91 |      0 |      0 |      9 |   2 |   45.5 |
       Dungeon |     91 |     91 |      0 |      0 |      9 |   2 |   45.5 |
               +--------+--------+--------+--------+--------+-----+--------+

Top non-repeatable levels by time:
     D:1: 71 daAuts
     D:2: 20 daAuts
